AoeStats
← SUNNYCHAN

Lombardia

510109454Analyzed
4v4 RM · 4d ago on Sep 29, 2026· 12m 15s· 8 players
Game mode
Random Map
Map size
Large (8 player)
Population
200
Speed
Normal
Resources
Standard
Victory
Conquest
Starting age
Dark Age
Ending age
Imperial Age
RankedLock teamsTeams togetherTeam positionsShared explorationLock speedFull tech treeHidden civsTurbo modeCheats
Victory
Defeat
🇭🇰 Saracens · Hong Kong SAR China
1160
+12
🇨🇴 Teutons · Colombia
1110
+14
🇮🇳 Burmese · India
1062
+15
🇪🇨 Lithuanians · Ecuador
1013
+17
🇷🇺 Franks · Russia
1073
-15
🇺🇸 Bengalis · United States
1073
-15
🇳🇱 Berbers · Netherlands
1051
-14
🇨🇿 Persians · Czechia
1051
-14
McArrow
6:07 Loom
8:59 Feudal Age
10:45 Double-Bit Axe
10:43 Horse Collar
DESTINNI
7:01 Loom
9:15 Feudal Age
10:09 Double-Bit Axe
10:06 Horse Collar
spudybudy
9:53 Feudal Age
10:14 Loom
maks777sd
12:02 Feudal Age
Lordcreos
11:20 Feudal Age
11:58 Loom
SUNNYCHAN
11:48 Feudal Age
hitman47
5:41 Loom
11:11 Feudal Age
kailashsaravanaraj
5:15 Loom
11:52 Feudal Age
Connection lost

Rejoining the realm…

Still unreachable

The connection could not be restored.

Session expired

The server has moved on; the page needs a fresh start.